 Dungeon Crawl Stone Soup version 0.30.0-29-ga12c61a403 (webtiles) character file.

Game seed: 4795767965716911015

170 Peloso the Covered (level 5, 0/47 HPs)
             Began as a Minotaur Fighter on June 23, 2023.
             Slain by Sigmund
             ... wielding a +0 scythe
              (4 damage)
             ... on level 3 of the Dungeon.
             The game lasted 00:05:57 (1897 turns).

Peloso the Covered (Minotaur Fighter)               Turns: 1897, Time: 00:05:58

Health: 0/47       AC: 10    Str: 20    XL:     5   Next: 25%
Magic:  4/4        EV:  8    Int:  5    God:
Gold:   108        SH:  5    Dex: 12    Spells: 4/4 levels left

rFire   . . .        a - +0 long sword
rCold   . . .        c - +0 buckler
rNeg    . . .        g - +0 chain mail
rPois   .            (helmet restricted)
rElec   .            (no cloak)
rCorr   .            (no gloves)
SInv    .            l - +0 pair of boots
Will    .....        (no amulet) Stlth
                     (no ring)
HPRegen 0.27/turn    (no ring)
MPRegen 0.09/turn

%: no passive effects
@: no status effects
A: horns 2, retaliatory headbutt
a: no special abilities


You were on level 3 of the Dungeon.
You visited 1 branch of the dungeon, and saw 3 of its levels.

You collected 108 gold pieces.

Inventory:

Hand Weapons
 a - a +0 long sword (weapon)
Armour
 c - a +0 buckler (worn)
 g - a +0 chain mail (worn)
 l - a +0 pair of boots (worn)
Magical Staves
 b - a staff of fire
Jewellery
 o - a ring of magical power
Scrolls
 h - a scroll of poison
 j - a scroll of immolation
 k - 2 scrolls of enchant weapon {unknown}
 m - a scroll of enchant armour {unknown}
Potions
 d - 2 potions of might
 e - a potion of attraction {unknown}
 i - 2 potions of heal wounds {unknown}
 n - a potion of flight


   Skills:
 + Level 4.6 Fighting
 + Level 4.2 Long Blades
 + Level 4.8 Armour
 + Level 0.9 Dodging
 + Level 4.3 Shields


You had 4 spell levels left.
You didn't know any spells.
Your spell library contained the following spells:

 Spells                   Type           Power      Damage    Failure   Level
 Scorch                   Fire           0%         2d5       100%        2
 Flame Wave               Conj/Fire      0%         2d4       100%        4
 Summon Cactus Giant      Summ           0%         N/A       100%        6


Dungeon Overview and Level Annotations

Branches:
Dungeon (3/15)

Altars:
Trog

Annotations:
D:3 Sigmund


Innate Abilities, Weirdness & Mutations

You have a pair of horns on your head.
You reflexively headbutt those who attack you in melee.


Message History

The puff of flame hits you!
You hear some strange, mumbled words.
Something tries to affect you, but you resist.
You closely miss something. You headbutt something!
Something hits you but does no damage.
You miss something. You closely miss something. Your headbutt misses something.
You hear some strange, mumbled words.
Something tries to affect you, but you resist.
You hear a zap.
A puff of flame appears from out of thin air!
The puff of flame misses you.
You closely miss something. Something hits you.
You barely miss something. Something hits you.
You hit something but do no damage. Your headbutt misses something.
You barely miss something. Something hits you.
You miss something. Your headbutt misses something.
You block something's attack.
You barely miss something. Your headbutt misses something. Something hits you.
You barely miss something.
You hear a zap.
A puff of flame appears from out of thin air!
The puff of flame hits you!
* * * LOW HITPOINT WARNING * * *
You closely miss something. Your headbutt misses something. Something hits you.
* * * LOW HITPOINT WARNING * * *
You barely miss something.
You hear a zap.
A puff of flame appears from out of thin air!
The puff of flame hits you but does no damage.
You feel better. Something hits you!
* * * LOW HITPOINT WARNING * * *
You closely miss something.
Unknown command.
You hit something. Something hits you.
* * * LOW HITPOINT WARNING * * *
You miss something. Your headbutt misses something.
Something hits you but does no damage.
You closely miss something. Something hits you.
You die...

#.#..........
.........#............
...)....##...........
....................
...................
##.$..#.###.##.#.###
##...)... ##.##.#.#
#....{.# #...#...# #
#@# #...##..# # #.#
#...##..# # #.#
#.......## # #.##
#...###..###
#..####...# ##....
##....8[..####....
#.#.....<........
#...8.....####...
##.PP....## #.#.


There were no monsters in sight!

Vanquished Creatures
  A scorpion zombie (D:3)
  A hound skeleton (D:3)
  Robin (D:2)
  4 gnolls
  An adder (D:2)
  4 ball pythons
  7 endoplasms
  2 giant cockroaches
  10 goblins
  6 hobgoblins
  6 jackals (D:1)
  7 kobolds
  3 quokkas
  5 bats
  2 frilled lizards
  6 rats
66 creatures vanquished.

Notes
Turn   | Place    | Note
-------+----------+-------------------------------------------
     0 | D:1      | Peloso the Minotaur Fighter began the quest for the Orb.
     0 | D:1      | Reached XP level 1. HP: 19/19 MP: 0/0
     1 | D:1      | Found a bloodstained altar of Trog.
   248 | D:1      | Reached XP level 2. HP: 27/27 MP: 1/1
   665 | D:1      | Reached XP level 3. HP: 33/33 MP: 2/2
  1102 | D:2      | Reached XP level 4. HP: 28/41 MP: 3/3
  1244 | D:2      | Noticed Robin
  1284 | D:2      | Killed Robin
  1719 | D:3      | Reached XP level 5. HP: 43/46 MP: 4/4
  1861 | D:3      | Noticed Sigmund
  1897 | D:3      | Slain by Sigmund

Illustrated notes

Levels and vault maps discovered:
D:1:      sevenhm_arrival_forest_fort_small_6, layout_loops_corners
D:2:      layout_rooms, uniq_robin
D:3:      layout_rooms, serial_undead, serial_undead_a, serial_undead_c,
          serial_undead_c, serial_undead_e, uniq_grinder, uniq_sigmund

Skill      XL: |  1  2  3  4 |
---------------+-------------+-----
Armour         | 4 |  4.8
Fighting       | 4 |  4.6
Shields        | 4 |  4.3
Long Blades    | 3 4 |  4.2
Dodging        | |  0.9

Action                     |  1- 3 |  4- 6 || total
---------------------------+-------+-------++-------
  Melee: Long sword        |    60 |   112 ||   172
         Headbutt          |     9 |    14 ||    23
    Use: Potion            |     2 |     1 ||     3
         Scroll            |     2 |     1 ||     3
 Armour: Scale mail        |    13 |       ||    13
         Chain mail        |    26 |    76 ||   102
  Dodge: Dodged            |    25 |    29 ||    54
  Block: Buckler           |    21 |    30 ||    51
